Map: Kairos Junction LE

Players

Friend - Winner!

  • Race: Zerg Zerg
  • Spawn Location: 11:00

SouLeer

  • Race: Zerg Zerg
  • Spawn Location: 5:00

Event: 2019 WCS Spring

VOD

Have the link to the VOD?

Description

Time

  • Played on: May 17, 2019, 8:30 a.m.
  • Length: 4:02

All games in this series

Show
View Real Time Build Order
Export as new Build Order

Friend Zerg - Winner!

Build Orders: Pool First 

Get SALT Encoding   

  12  0:18  Spawning Pool  
  11  0:21  Drone  
  11  0:26  Drone  
  13  0:30  Drone  
  14  0:39  Overlord  
  14  0:58  Extractor  
  13  1:05  Zergling x6  
  16  1:16  Zergling x2  
  17  1:22  Hatchery  
  16  1:27  Zergling x2  
  17  1:37  Zergling x2  
  18  1:49  Queen  
  20  2:01  Metabolic Boost  
  20  2:10  Zergling x2  
  20  2:11  Zergling x2  
  21  2:30  Overlord  
  21  2:32  Zergling x2  
  22  2:42  Zergling x4  
  24  2:49  Zergling x4  
  26  2:57  Zergling x4  
  28  3:00  Zergling x4  
  28  3:01  Zergling x2  
  32  3:12  Zergling x2  
  32  3:13  Zergling x2  
  32  3:19  Zergling x4  
  35  3:36  Zergling x2  
  35  3:38  Overlord  
  36  3:44  Zergling x4  
Show
View Real Time Build Order
Export as new Build Order

SouLeer Zerg 

Build Orders: Pool First 

Get SALT Encoding   

  12  0:00  Drone  
  13  0:12  Overlord  
  13  0:16  Drone  
  14  0:30  Drone  
  14  0:31  Drone  
  14  0:35  Drone  
  17  0:44  Spawning Pool  
  17  0:47  Drone  
  17  0:50  Extractor  
  17  0:56  Drone  
  17  1:16  Hatchery  
  16  1:31  Zergling x6  
  19  1:36  Queen  
  21  1:45  Spine Crawler  
  20  1:48  Zergling x2  
  20  1:53  Zergling x2  
  22  2:01  Metabolic Boost  
  22  2:08  Overlord  
  23  2:28  Zergling x4  
  23  2:30  Queen, Drone  
  23  2:32  Queen  
  28  2:37  Drone  
  28  2:40  Drone  
  31  2:44  Drone  
  31  2:50  Zergling x4  
  33  2:52  Drone  
  34  2:59  Overlord  
  34  3:03  Drone  
  35  3:07  Overlord  
  35  3:15  Zergling x2  
  35  3:19  Zergling x2, Spine Crawler  
  35  3:25  Baneling Nest  
  34  3:28  Zergling x2  
  34  3:30  Zergling x2  
  36  3:35  Zergling x2  
  36  3:37  Zergling x2  
  37  3:42  Zergling x2  
  37  3:45  Zergling x2  
Tags
 
Add a new tag
Caveats
  • Supply blocks, unpowered buildings, or Contaminate may cause inaccurate times.
  • Supply counts are checked every 10 seconds.